 Dungeon Crawl Stone Soup version 0.29.0-13-gc9e81de378 (webtiles) character file.

Game seed: 9035613573862814908

80523 Ofeo the Thaumaturge (level 16, -10/139 HPs)
             Began as a Meteoran Earth Elementalist on Sept 9, 2022.
             Was a High Priest of Vehumet.
             Killed from afar by an eleionoma (52 damage)
             ... with a spray of wooden splinters
             ... on level 4 of the Swamp.
             The game lasted 01:21:27 (4914 turns).

Ofeo the Thaumaturge (Meteoran Earth Elementalist)  Turns: 4914, Time: 01:21:28

Health: -10/139    AC:  9    Str: 10    XL:     16   Next: 64%
Magic:  7/43       EV: 23    Int: 29    God:    Vehumet [*****.]
Gold:   525        SH:  7    Dex: 26    Spells: 12/42 levels left

rFire   + + .      SeeInvis +   g - +3 broad axe "Immahoha" {venom, *Noise Fly MP+9 Dex+9}
rCold   . . .      Faith    .   C - +0 buckler
rNeg    + . .      Spirit   .   G - +0 troll leather armour
rPois   +          Reflect  .   y - +0 helmet
rElec   .          Harm     .   K - +0 cloak of Blue Skies {+Blink rN+ Int+6}
rCorr   .          Rampage  .   k - +1 pair of gloves
Will    ++...      Clarity  +   j - +0 pair of boots
Stlth   ++........              e - amulet of magic regeneration
HPRegen 1.13/turn               x - ring of Sopteass {Contam rF++ SInv}
MPRegen 0.68/turn               X - ring of poison resistance

@: flying, glowing
A: sense surroundings 2, otherworldly, glowing, explore regen, hooves 1,
clarity, subdued magic 1
a: Renounce Religion, Evoke Blink


You were on level 4 of the Swamp.
You worshipped Vehumet.
Vehumet was extremely pleased with you.
You visited 4 branches of the dungeon, and saw 21 of its levels.
You also visited: Bailey, Gauntlet and Volcano.

You collected 525 gold pieces.

Inventory:

Hand Weapons
 g - the +3 broad axe "Immahoha" (weapon) {venom, *Noise Fly MP+9 Dex+9}
   (You found it on level 9 of the Dungeon)

   It poisons the flesh of those it strikes.
   Dex:       It affects your dexterity (+9).
   MP:        It affects your magic capacity (+9).
   Fly:       It grants you flight.
   *Noise:    It may make noises in combat.
 A - a +2 short sword of flaming
 B - a +7 spear of venom
Missiles
 L - 3 javelins
Armour
 a - a +0 robe
 j - a +0 pair of boots (worn)
 k - a +1 pair of gloves (worn)
 n - a +3 ring mail
 y - a +0 helmet (worn)
 z - a +0 cloak
 C - a +0 buckler (worn)
 F - +0 acid dragon scales
 G - a +0 troll leather armour (worn)
 K - the +0 cloak of Blue Skies (worn) {+Blink rN+ Int+6}
   (You found it in a Gauntlet)

   Int:       It affects your intelligence (+6).
   rN:        It protects you from negative energy.
   +Blink:    It lets you blink.
Magical Staves
 c - a staff of poison
 m - a staff of fire
 Q - a staff of cold
Jewellery
 e - an amulet of magic regeneration (around neck)
 x - the ring of Sopteass (left hand) {Contam rF++ SInv}
   (You acquired it on level 10 of the Dungeon)

   [ring of see invisible]

   rF:        It greatly protects you from fire.
   SInv:      It lets you see invisible.
   Contam:    It causes magical contamination when unequipped.
 O - the amulet "Ruuch" {Acrobat rF+ Stlth+}
   (You found it in a Gauntlet)

   [amulet of the acrobat]

   It increases your evasion while moving and waiting.
   rF:        It protects you from fire.
   Stlth:     It makes you more stealthy.
 U - a ring of flight
 V - a +6 ring of intelligence
 W - a +4 ring of protection
 X - a ring of poison resistance (right hand)
Wands
 p - a wand of digging (10) {@v1}
 s - a wand of flame (12)
 H - a wand of paralysis (16)
 M - a wand of mindburst (1)
 N - a wand of roots (7)
Scrolls
 b - 2 scrolls of fear
 d - 3 scrolls of poison
 h - 3 scrolls of torment {unknown}
 i - 5 scrolls of identify {@r1}
 I - 3 scrolls of fog
 J - 2 scrolls of enchant weapon
 R - 2 scrolls of magic mapping
 S - 2 scrolls of immolation
 T - a scroll of summoning
 Y - a scroll of enchant armour
 Z - a scroll of noise
Potions
 f - 2 potions of brilliance
 l - 3 potions of attraction
 q - 5 potions of curing {@q1}
 r - a potion of might {@q4}
 t - a potion of resistance {@q6}
 u - 2 potions of cancellation
 v - 2 potions of mutation
 D - a potion of invisibility
 E - a potion of degeneration
Miscellaneous
 w - a phantom mirror
 P - a condenser vane


   Skills:
 + Level 11.8 Fighting
 + Level 13.2 Dodging
 + Level 9.5 Stealth
 - Level 5.0 Shields
 + Level 13.5 Spellcasting
 + Level 12.7 Conjurations
 - Level 3.3 Translocations
 - Level 4.7 Transmutations
 - Level 13.0 Earth Magic
 + Level 8.0 Evocations


You had 12 spell levels left.
You knew the following spells:

 Your Spells              Type           Power      Damage    Failure   Level
b - Passwall              Tmut/Erth      44%        N/A       1%          2
c - Stone Arrow           Conj/Erth      100%       3d13      1%          3
d - Petrify               Tmut/Erth      53%        N/A       1%          4
e - Lee's Rapid Deconstr  Erth           32%        3d17*     1%          5
f - Iskenderun's Mystic   Conj/Tloc      50%        2d11      1%          4
g - Apportation           Tloc           58%        N/A       1%          1
h - Iron Shot             Conj/Erth      32%        9d7       1%          6
i - Iskenderun's Battles  Conj           64%        2d11      1%          5

Your spell library contained the following spells:

 Spells                   Type           Power      Damage    Failure   Level
 Conjure Ball Lightning   Conj/Air       21%        3x3d6     12%         6
 Sandblast                Erth           100%       2d20      0%          1
 Beastly Appendage        Tmut           72%        N/A       1%          1
 Freeze                   Ice            60%        1d8       1%          1
 Wereblood                Tmut           36%        N/A       1%          2
 Fulminant Prism          Conj/Hex       21%        3d13      1%          4
 Hailstorm                Conj/Ice       43%        3d10      1%          4
 Animate Armour           Summ/Erth      88%        N/A       2%          4
 Frozen Ramparts          Ice            30%        1d5       3%          3
 Spider Form              Tmut/Pois      25%        N/A       4%          3
 Blade Hands              Tmut           18%        N/A       16%         5
 Anguish                  Hex/Necr       7%         N/A       36%         4
 Alistair's Intoxication  Tmut/Pois      16%        N/A       38%         5
 Enfeeble                 Hex            7%         N/A       100%        7
 Infestation              Necr           7%         N/A       100%        8
 Polar Vortex             Ice            7%         N/A       100%        9


Dungeon Overview and Level Annotations

Branches:
Dungeon (11/15) Zot: 4030  Temple (1/1) D:4 Zot: 516    Lair (5/5) D:11 Zot: 1923
  Swamp (4/4) Lair:3 Zot: 1704   Snake (0/4) Lair:2        Slime (0/5) Lair:5
 Bailey (visited)         Volcano (visited)         Gauntlet (visited)
    Orc: D:9-12

Altars:
Ashenzari
Dithmenos
Elyvilon
Fedhas
Kikubaaqudgha
Makhleb
Nemelex Xobeh
Okawaru
Ru
Trog
Uskayaw
Vehumet
Wu Jian
Xom
The Shining One

Shops:
D:9 *   D:10 (

Portals:
Ice
Cave: Lair:1

Annotations:
D:7 2 transporters, freelancePsychic's ghost, novice KoHW
D:11 Grum


Innate Abilities, Weirdness & Mutations

You passively map the area around you.
You are easily found by Zot.
You glow in the dark.
You regain HP and MP as you explore.
You have large cloven feet.
You possess an exceptional clarity of mind.
Your spells are a little easier to cast, but a little less powerful.


Message History

You kill the swamp dragon!
Vehumet accepts your kill.
The eleionoma hurls a spray of splinters at you.
The spray of wooden splinters misses you.
Your Evocations skill increases to level 8!
Aiming: Mindburst
Press: ? - help, Shift-Dir - straight line, f/p - swamp dragon
Aim: a swamp dragon (severely wounded, chance to affect: 76%)
The swamp dragon's mind is blasted!!
You blow up the swamp dragon!
Vehumet accepts your kill.
You feel your power returning.
You hear a splash.
The swamp dragon scales are intact enough to wear.
The eleionoma hits you but does no damage.
You regained 4 mp, and now have 11/43 mp.
Aiming: Mindburst
Press: ? - help, Shift-Dir - straight line, f - eleionoma
Aim: an eleionoma (heavily wounded, chance to affect: 26%)
Okay, then.
Casting: Iskenderun's Mystic Blast (safe; 1% risk of failure)
Confirm with . or Enter, or press ? or * to list all spells.
Aiming: Iron Shot (mildly dangerous; 1% risk of failure)
Press: ? - help, Shift-Dir - straight line, f - eleionoma
Aim: an eleionoma (heavily wounded, 74% to hit)
The iron shot misses the eleionoma.
The eleionoma hits you.
* * * LOW HITPOINT WARNING * * *
You take 5 damage, and have 39/139 hp.
You now have 5/43 mp.
Aiming: Fastroot
Press: ? - help, Shift-Dir - straight line, f/p - eleionoma
Aim: an eleionoma (heavily wounded)
The roots erupt in riotous growth!
Roots grab the eleionoma.
The grasping roots constrict the eleionoma.
The eleionoma splashes around in the water.
The grasping roots constrict the eleionoma!
A four-headed hydra comes into view.
The eleionoma hurls a spray of splinters at you.
The spray of wooden splinters hits you!!!
You die...

~, ~ ♣~.~~.~~.§..§
♣♣.~§.~~§..... ~~~
♣♣♣.~§~.~~~~.~~
♣♣♣♣.~.~~§..~~..♣ ~
..~.~~.~~.♣~§~.#* ~~
* ♣.~~...♣~†~.#* *
** ♣..~...~§†.# , *
, ♣♣~♣♣.R.@~~~~~.#,
* ~ ♣..<.~§[~~§~§~.#
, *
♣~~....<[~.††[.## ,,
,
*.~~.♣...~~..$~.~###
'*,
*♣....~§..~~~.♣[~.~.
♣~§~~~.~~§~~§.~~#~8,
.~~~~~♣~~....~...~..
.~~~~~♣[.=†<..D.....
,
♣♣♣♣♣~.~...[.†.....
*


You could see an eleionoma (rooted) and a four-headed hydra.

Vanquished Creatures
  Mara (Swamp:3)
  Nikola (Swamp:2)
  A thorn hunter (Swamp:2)
  A fenstrider witch (Swamp:4)
  6 eleionomae
  A minotaur (Gauntlet)
  5 bunyips
  10 hydras
  A catoblepas (Lair:5)
  3 ghost crabs (Swamp:2)
  A two-headed ogre (D:10)
  5 alligators
  6 death yaks (Lair:5)
  A hell knight (Lair:1)
  7 spriggans
  4 goliath frogs
  Lodul (D:11)
  8 swamp dragons
  7 bog bodies
  4 spriggan druids
  2 oklob plants
  11 elephants (Lair:5)
  4 black mambas
  2 ice statues
  A hellion (Gauntlet)
  2 unseen horrors (D:10)
  7 cane toads
  Maggie (D:7)
  2 rime drakes (Gauntlet)
  8 komodo dragons
  A troll (D:10)
  7 hornets
  3 red devils (Volcano)
  4 tyrant leeches
  7 dream sheep (Lair:3)
  9 blink frogs
  6 shadows
  3 basilisks
  27 yaks
  4 wyverns
  Menkaure (D:7)
  16 swamp worms
  A warg (Lair:5)
  An acid dragon (D:10)
  13 water moccasins
  6 swamp drakes
  9 hell hounds
  5 orc warriors
  2 black bears (Lair:5)
  An ice beast (D:6)
  25 wolves
  A centaur (D:7)
  10 ogres
  A phantom (D:6)
  A kobold brigand (D:8)
  8 bullfrogs
  A necrophage (D:6)
  3 scorpions
  2 gnoll sergeants (D:9)
  A wight (D:5)
  4 killer bees (D:7)
  An electric eel (Lair:3)
  3 howler monkeys
  A jelly (D:8)
  4 hounds
  An iguana (D:5)
  4 orc wizards
  9 gnolls
  4 adders
  13 white imps
  2 ufetubi
  5 worms
  10 orcs
  A ball python (D:3)
  2 bats
  An endoplasm (D:4)
  A giant cockroach (D:4)
  5 goblins
  5 hobgoblins
  8 jackals
  16 kobolds
  2 quokkas
  2 rats
397 creatures vanquished.

Vanquished Creatures (others)
  A spriggan (Swamp:4)
  A bush (Lair:5)
  23 fungi
  51 plants
  A withered plant (Gauntlet)
77 creatures vanquished.

Grand Total: 474 creatures vanquished

Notes
Turn   | Place    | Note
-------+----------+-------------------------------------------
     0 | D:1      | Ofeo the Meteoran Earth Elementalist began the quest for
                  | the Orb.
     0 | D:1      | Reached XP level 1. HP: 14/14 MP: 5/5
    51 | D:2      | Reached XP level 2. HP: 18/20 MP: 0/6
    57 | D:2      | Found a faded altar of an unknown god.
   140 | D:3      | Reached XP level 3. HP: 26/26 MP: 3/8
   224 | D:3      | Reached XP level 4. HP: 30/33 MP: 7/9
   275 | D:4      | You fall into a shaft and drop 1 floor!
   275 | D:5      | Entered Level 5 of the Dungeon
   288 | D:5      | Learned a level 2 spell: Passwall
   292 | D:5      | Learned a level 3 spell: Stone Arrow
   317 | D:6      | Noticed a phantom
   325 | D:6      | Killed a phantom
   326 | D:6      | Reached XP level 5. HP: 36/38 MP: 8/11
   391 | D:5      | Reached XP level 6. HP: 35/45 MP: 9/12
   479 | D:5      | Gained mutation: Your spells are a little easier to cast,
                  | but a little less powerful. [potion of mutation]
   479 | D:5      | Gained mutation: You possess an exceptional clarity of
                  | mind. [potion of mutation]
   479 | D:5      | Gained mutation: You have large cloven feet. [potion of
                  | mutation]
   479 | D:5      | HP: 2/46 [poisoned by a scorpion]
   484 | D:5      | Reached skill level 1 in Fighting
   490 | D:5      | Reached XP level 7. HP: 12/52 MP: 1/14
   514 | D:5      | Reached skill level 5 in Earth Magic
   675 | D:4      | Found a staircase to the Ecumenical Temple.
   686 | Temple   | Entered the Ecumenical Temple
   755 | Temple   | Became a worshipper of Vehumet
   872 | D:6      | Learned a level 4 spell: Petrify
   913 | D:6      | Found an iron altar of Okawaru.
  1082 | D:6      | Reached skill level 1 in Conjurations
  1082 | D:6      | Reached XP level 8. HP: 60/61 MP: 6/16
  1188 | D:7      | Reached skill level 5 in Spellcasting
  1190 | D:7      | Found a flagged portal.
  1218 | D:7      | Reached * piety under Vehumet
  1218 | D:7      | Offered knowledge of Shock by Vehumet.
  1272 | D:7      | Reached skill level 5 in Dodging
  1281 | Bailey   | Entered a bailey
  1286 | Bailey   | Noticed an orc warlord
  1314 | Bailey   | Learned a level 5 spell: Lee's Rapid Deconstruction
  1342 | Bailey   | Gained mutation: You passively map the area around you.
                  | [Meteoran growth]
  1342 | Bailey   | Reached XP level 9. HP: 62/70 MP: 3/17
  1437 | Bailey   | Noticed an orc knight
  1452 | Bailey   | Found a runed translucent gate.
  1452 | Bailey   | Found a runed translucent gate.
  1452 | Bailey   | Found a runed translucent gate.
  1569 | Bailey   | Got The Precepts of Greatest Risks and Utility
  1594 | D:7      | Reached skill level 5 in Stealth
  1594 | D:7      | Reached skill level 10 in Earth Magic
  1594 | D:7      | Reached XP level 10. HP: 14/83 MP: 13/23
  1606 | D:7      | Noticed Menkaure
  1610 | D:7      | Killed Menkaure
  1628 | D:7      | Found a transporter.
  1631 | D:7      | Noticed freelancePsychic's ghost (novice KoHW)
  1655 | D:7      | Found a transporter.
  1667 | D:7      | Noticed Maggie
  1680 | D:7      | Killed Maggie
  1715 | D:7      | Offered knowledge of Poisonous Vapours by Vehumet.
  1733 | D:7      | Reached ** piety under Vehumet
  1935 | D:8      | Paralysed by a hornet for 2 turns
  1938 | D:8      | Paralysed by a hornet for 3 turns
  2092 | D:9      | Reached XP level 11. HP: 59/91 MP: 5/24
  2209 | D:9      | Offered knowledge of Conjure Flame by Vehumet.
  2247 | D:9      | Noticed an ice statue
  2269 | D:9      | Killed an ice statue
  2280 | D:9      | Learned a level 1 spell: Apportation
  2286 | D:9      | Identified the +3 broad axe "Immahoha" {venom, *Noise Fly
                  | MP+9 Dex+9}
  2356 | D:9      | Found Taekh's General Store.
  2393 | D:10     | Entered Level 10 of the Dungeon
  2420 | D:10     | Reached skill level 1 in Shields
  2437 | D:10     | Reached *** piety under Vehumet
  2450 | D:10     | Found Sivefu Noma's Antique Weapon Shop.
  2589 | D:10     | Noticed a two-headed ogre
  2595 | D:10     | Killed a two-headed ogre
  2615 | D:10     | Learned a level 4 spell: Iskenderun's Mystic Blast
  2622 | D:10     | Learned a level 6 spell: Iron Shot
  2622 | D:10     | Identified a scroll of acquirement
  2622 | D:10     | Acquired the ring of Sopteass {Contam rF++ SInv}
  2639 | D:11     | Noticed Grum
  2651 | D:11     | Noticed Lodul
  2655 | D:11     | Killed Lodul
  2656 | D:11     | Reached skill level 1 in Translocations
  2658 | D:11     | Noticed a four-headed hydra
  2839 | D:11     | Found a staircase to the Lair.
  2853 | Lair:1   | Entered Level 1 of the Lair of Beasts
  2857 | Lair:1   | Found a gate leading to a gauntlet.
  2862 | Lair:2   | Noticed a six-headed hydra
  2867 | Lair:2   | Killed a six-headed hydra
  2868 | Lair:2   | Reached XP level 12. HP: 100/100 MP: 16/26
  2893 | Lair:1   | Found a frozen archway.
  2894 | Lair:1   | Offered knowledge of Flame Wave by Vehumet.
  2924 | Lair:1   | Found a dark tunnel.
  2935 | Volcano  | Entered a volcano
  2943 | Volcano  | Identified the +0 hat "Votaesch" {Str+5}
  2952 | Volcano  | Noticed a hell knight
  2971 | Lair:1   | Killed a hell knight
  3036 | Lair:1   | Reached **** piety under Vehumet
  3042 | Lair:1   | Offered knowledge of Iskenderun's Battlesphere by Vehumet.
  3160 | Lair:1   | Found a broken altar of Ashenzari.
  3215 | Gauntlet | Entered a Gauntlet
  3215 | Gauntlet | Found a transporter.
  3215 | Gauntlet | Found a transporter.
  3219 | Gauntlet | Found a transporter.
  3219 | Gauntlet | Found a transporter.
  3228 | Gauntlet | Found a transporter.
  3230 | Gauntlet | Noticed a thrashing horror
  3230 | Gauntlet | Noticed a thrashing horror
  3243 | Gauntlet | Found a transporter.
  3255 | Gauntlet | Found a transporter.
  3261 | Gauntlet | Found a transporter.
  3262 | Gauntlet | Found a transporter.
  3316 | Gauntlet | Found a transporter.
  3320 | Gauntlet | Noticed a wizard
  3334 | Gauntlet | Noticed a wizard
  3340 | Gauntlet | Identified the +0 cloak of Blue Skies {+Blink rN+ Int+6}
  3361 | Gauntlet | Found a transporter.
  3362 | Gauntlet | Found a transporter.
  3374 | Gauntlet | Reached XP level 13. HP: 101/107 MP: 22/27
  3388 | Gauntlet | Found a transporter.
  3448 | Gauntlet | Learned a level 5 spell: Iskenderun's Battlesphere
  3470 | Gauntlet | Noticed a minotaur
  3475 | Gauntlet | Killed a minotaur
  3482 | Gauntlet | Identified the amulet "Ruuch" {Acrobat rF+ Stlth+}
  3483 | Gauntlet | Got The Precepts of Greatest Risks and Utility
  3505 | Lair:2   | Reached skill level 10 in Spellcasting
  3517 | Lair:2   | Found a staircase to the Snake Pit.
  3529 | Lair:2   | Reached skill level 5 in Shields
  3566 | Lair:2   | Reached skill level 10 in Dodging
  3611 | Lair:3   | Reached ***** piety under Vehumet
  3611 | Lair:3   | Offered knowledge of Airstrike by Vehumet.
  3696 | Lair:4   | Noticed a four-headed hydra
  3704 | Lair:4   | Killed a four-headed hydra
  3717 | Lair:5   | Entered Level 5 of the Lair of Beasts
  3813 | Lair:5   | Reached skill level 10 in Conjurations
  3821 | Lair:5   | Noticed a five-headed hydra
  3824 | Lair:5   | Reached XP level 14. HP: 118/118 MP: 29/29
  3850 | Lair:5   | Reached skill level 1 in Evocations
  3956 | Lair:5   | Reached skill level 10 in Fighting
  4005 | Lair:5   | Found a staircase to the Slime Pits.
  4211 | Lair:3   | Found a staircase to the Swamp.
  4220 | Swamp:1  | Entered Level 1 of the Swamp
  4346 | Swamp:2  | Noticed a bunyip
  4346 | Swamp:2  | Noticed a thorn hunter
  4353 | Swamp:2  | Killed a bunyip
  4354 | Swamp:2  | Reached XP level 15. HP: 128/128 MP: 5/32
  4439 | Swamp:1  | Reached skill level 5 in Evocations
  4525 | Swamp:1  | Found a glowing golden altar of the Shining One.
  4575 | Swamp:3  | Noticed Mara
  4577 | Swamp:3  | Offered knowledge of Conjure Ball Lightning by Vehumet.
  4597 | Swamp:2  | Found an ornate altar of the Wu Jian Council.
  4626 | Swamp:2  | Killed a thorn hunter
  4693 | Swamp:2  | Noticed Nikola
  4702 | Swamp:2  | Killed Nikola
  4754 | Swamp:3  | Killed Mara
  4772 | Swamp:4  | Entered Level 4 of the Swamp
  4772 | Swamp:4  | Noticed a fenstrider witch
  4779 | Swamp:4  | Paralysed by a fenstrider witch for 2 turns
  4784 | Swamp:4  | Reached XP level 16. HP: 112/137 MP: 33/33
  4788 | Swamp:4  | Killed a fenstrider witch
  4914 | Swamp:4  | Killed from afar by an eleionoma

Illustrated notes

Levels and vault maps discovered:
D:1:      minmay_arrival_three_doors, layout_loops_ring, minmay_close_crescents
D:2:      layout_basic, hellmonk_ecumenical_altar_dog_temple, basic_altar,
          fountainhead, uniq_crazy_yiuf_cottage, uniq_terence
D:3:      layout_rooms
D:4:      layout_gridville, minmay_temple_entry_grid
D:5:      layout_cave_pools
D:6:      layout_gridville, mainiacjoe_overflow_boulevard, kennysheep_mini
D:7:      layout_gridville, enter_bailey_5, gammafunk_ghost_stat_death,
          uniq_maggie, uniq_menkaure
D:8:      layout_rooms
D:9:      layout_basic, minivault_15, nicolae_take_the_stairs
D:10:     layout_small_grid, serial_shops, shop
D:11:     layout_loops_cross, dpeg_oklobed_lair, nicolae_hexahallways,
          uniq_lodul, uniq_grum
Temple:   nicolae_temple_slightly_damp_pantheon
Lair:1:   layout_long_grid, portal_ice_cave_entry_imps, gauntlet_entry_generic,
          basic_altar, enter_volcano_3, minmay_lair_oklob_bushes,
          serial_bayou_pond_e, minmay_holes, nicolae_lair_run_with_the_wolves
Lair:2:   layout_chaotic_city, minmay_snake_entry_six_corridors,
          columned_hall_lemuel, grunt_megastairs_1, infiniplex_staircase_pool,
          lemuel_fruit_tree, uniq_urug
Lair:3:   layout_misc_corridors, nicolae_swamp_entry_splash_gauntlet,
          basic_altar, beast_lair_carwin_10, serial_bayou_shore_b
Lair:4:   layout_misc_corridors, dpeg_stationary_puzzle
Lair:5:   hangedman_lair_caniforms_friends, layout_misc_corridors,
          dpeg_slime_entry_corner, minmay_hedge_maze
Swamp:1:  layout_falls_marsh, basic_altar,
          nicolae_swamp_feature_on_the_river_bank
Swamp:2:  layout_basic_swamp, lemuel_altar_in_water,
          infiniplex_staircase_pool_2, uniq_nikola
Swamp:3:  layout_falls_marsh, nicolae_swamp_decorative_isthmus, uniq_mara
Swamp:4:  grunt_swamp_rune_castle, layout_basic_swamp

Skill      XL: |  1  2  3  4  5  6  7  8  9 10 11 12 13 14 15 16 |
---------------+-------------------------------------------------+-----
Spellcasting   | 3 4 5 8 9 10 12 13 | 13.5
Earth Magic    | 4 5 6 10 11 12 13 | 13.0
Transmutations | 2 3 4 |  4.7
Dodging        | 3 4 5 7 8 9 10 11 12 13 | 13.2
Stealth        | 2 3 5 6 7 8 9 |  9.5
Fighting       | 1 2 3 6 7 8 9 10 11 | 11.8
Conjurations   | 1 3 6 7 8 10 11 12 | 12.7
Shields        | 2 4 5 |  5.0
Translocations | 1 3 |  3.3
Evocations     | 4 6 8 |  8.0

Action                   |  1- 3 |  4- 6 |  7- 9 | 10-12 | 13-15 | 16-18 || total
-------------------------+-------+-------+-------+-------+-------+-------++-------
Melee: Unarmed           |       |       |       |     4 |       |       ||     4
       Broad axe         |       |       |       |    15 |    15 |       ||    30
       Short sword       |       |       |       |     1 |       |       ||     1
 Cast: Sandblast         |    35 |    32 |    87 |    28 |       |       ||   182
       Stone Arrow       |       |     4 |    28 |    41 |    26 |       ||    99
       Lee's Rapid Decon |       |       |     4 |   103 |    17 |       ||   124
       Petrify           |       |       |    12 |       |       |       ||    12
       Apportation       |       |       |       |    13 |     5 |     2 ||    20
       Iron Shot         |       |       |       |     8 |   154 |    21 ||   183
       Iskenderun's Myst |       |       |       |     1 |    58 |    26 ||    85
       Iskenderun's Batt |       |       |       |       |    15 |     2 ||    17
Evoke: Wand              |       |     7 |     8 |     3 |     1 |     5 ||    24
       Phantom mirror    |       |       |       |     1 |       |       ||     1
       Condenser vane    |       |       |       |       |     1 |       ||     1
  Use: Potion            |       |     2 |     5 |     6 |     2 |     1 ||    16
       Scroll            |       |       |     6 |     9 |     4 |     2 ||    21
Armor: Robe              |     7 |     9 |    39 |    15 |       |       ||    70
       Troll leather arm |       |       |       |    13 |    34 |    14 ||    61
Dodge: Dodged            |    19 |    19 |    88 |    81 |   103 |    36 ||   346
Block: Buckler           |       |       |       |    26 |    43 |     7 ||    76
